 Dungeon Crawl Stone Soup version 0.26-a0-651-gb41185065b (webtiles) character file.

Game seed: 17271381996401570172

23780 Irenicus the Fencer (level 12, -14/181 HPs)
             Began as a Minotaur Chaos Knight on Oct 29, 2020.
             Was a Plaything of Xom.
             Killed from afar by a fire dragon (35 damage)
             ... with a blast of flame
             ... on level 12 of the Dungeon.
             The game lasted 00:29:08 (10489 turns).

Irenicus the Fencer (Minotaur Chaos Knight)        Turns: 10489, Time: 00:29:08

Health: -14/181    AC: 26    Str: 16 (18) XL:     12   Next: 74%
Magic:  11/11      EV:  2    Int:  6 (9)  God:    Xom [*.....]
Gold:   863        SH:  0    Dex: 11 (14) Spells: 11/11 levels left

rFire    . . .     SeeInvis +   a - +0 falchion (chaos)
rCold    . . .     Faith    .   (no shield)
rNeg     + + +     Spirit   .   (armour currently unavailable)
rPois    +         Reflect  .   (helmet currently unavailable)
rElec    .         Harm     .   (cloak currently unavailable)
rCorr    .         Rampage  .   (gloves currently unavailable)
MR       +....     Clarity  +   (boots currently unavailable) Stlth +.........NoTele +
                                (no amulet)
HPRegen  0.80/turn              q - ring of protection from magic {MR+, !d}
MPRegen  0.12/turn              e - ring of positive energy {rN+}

@: mighty, tree-form (expiring), studying Short Blades
A: (retaliatory headbutt), see invisible, clarity, mutation resistance 1,
regeneration 1, robust 1
a: Renounce Religion


You were on level 12 of the Dungeon.
You worshipped Xom.
You were a special plaything of Xom.
You were a tree.
You visited 3 branches of the dungeon, and saw 15 of its levels.

You collected 863 gold pieces.

Inventory:

Hand Weapons
 a - a +0 falchion of chaos (weapon)
Missiles
 E - 2 throwing nets {=f, !d}
Armour
 w - the +0 ring mail "Kutaenn" {rN+}
   (You found it on level 4 of the Dungeon)

   It protects you from negative energy.
 C - a +4 plate armour
   (You took it off an orc warrior on level 7 of the Dungeon)
 F - a +4 ring mail of cold resistance (melded)
   (You took it off Harold on level 9 of the Dungeon)
 J - a +0 cloak (melded)
   (You took it off Maurice on level 10 of the Dungeon)
 K - a +2 ring mail of fire resistance
   (You found it on level 10 of the Dungeon)
 M - the +5 pair of boots of the Butterfly (melded) {+Fly Int+3 Dex-2}
   (You found it on level 11 of the Dungeon)

   It affects your intelligence (+3).
   It affects your dexterity (-2).
   It lets you fly.
 O - a +0 pair of gloves of dexterity (melded)
   (You found it on level 11 of the Dungeon)
Jewellery
 d - an uncursed ring of resist corrosion
   (You found it on level 1 of the Dungeon)
 e - a ring of positive energy (right branch) {rN+}
   (You found it on level 1 of the Dungeon)
 q - a ring of protection from magic (left branch) {MR+, !d}
   (You found it on level 6 of the Dungeon)
 t - an uncursed amulet of faith {Faith, !P}
   (You found it on level 3 of the Dungeon)
 y - the ring of the Genius {Int+6 Stlth-}
   (You found it on level 6 of the Dungeon)

   [ring of attention]

   It affects your intelligence (+6).
   It makes you less stealthy.
 I - an uncursed ring of flight {+Fly, !d}
   (You found it on level 1 of the Lair of Beasts)
Wands
 n - a wand of digging (5)
   (You found it on level 12 of the Dungeon)
 p - a wand of iceblast (7)
   (You found it on level 2 of the Dungeon)
 A - a wand of random effects (21)
   (You found it on level 6 of the Dungeon)
 D - a wand of enslavement (14)
   (You found it on level 9 of the Dungeon)
 H - a wand of disintegration (16)
   (You took it off a gnoll on level 9 of the Dungeon)
Scrolls
 c - 10 scrolls of remove curse
 g - a scroll of random uselessness
 i - a scroll of noise {!r}
 j - 14 scrolls of identify
 m - 2 scrolls of blinking {!r}
 o - 4 scrolls of enchant weapon {unknown}
 s - 2 scrolls of teleportation
 u - a scroll of immolation {unknown}
 x - 2 scrolls of magic mapping {unknown}
 z - a scroll of fog {unknown}
 B - 2 scrolls of enchant armour {unknown}
 L - a scroll of summoning {unknown}
Potions
 f - 3 potions of ambrosia
 h - 2 potions of might
 l - 2 potions of haste
 r - 4 potions of curing
 v - 2 potions of brilliance
 G - 2 potions of stabbing
 P - a potion of flight
Books
 N - a manual of Short Blades {!d}
   (You found it on level 11 of the Dungeon)


   Skills:
 + Level 11.4 Fighting
 - Level 18.7 Long Blades
 - Level 11.1 Armour
 + Level 7.0 Dodging


You had 11 spell levels left.
You didn't know any spells.
Your spell library contained the following spells:

 Spells                   Type           Power        Failure   Level
 Animate Skeleton         Necr           #.....       45%         1
 Apportation              Tloc           #.....       45%         1
 Corona                   Hex            #......      45%         1
 Magic Dart               Conj           #...         45%         1
 Summon Small Mammal      Summ           #...         45%         1
 Corpse Rot               Necr/Air       N/A          58%         2
 Ensorcelled Hibernation  Hex/Ice        #.....       58%         2
 Passwall                 Tmut/Erth      #.......     58%         2
 Poisonous Vapours        Pois/Air       #.....       58%         2
 Searing Ray              Conj           #.....       58%         2
 Sublimation of Blood     Necr           #.........   58%         2
 Swiftness                Air            #.......     58%         2
 Confusing Touch          Hex            #.......     83%         3
 Conjure Flame            Conj/Fire      #.......     83%         3
 Dazzling Flash           Conj/Hex       #.....       83%         3
 Mephitic Cloud           Conj/Pois/Air  #.......     83%         3
 Tukima's Dance           Hex            #.......     83%         3
 Dispel Undead            Necr           #.......     99%         4
 Fulminant Prism          Conj/Hex       #.........   99%         4
 Iskenderun's Mystic Bla  Conj/Tloc      #.......     99%         4
 Passage of Golubria      Tloc           N/A          99%         4
 Agony                    Necr           #.......     100%        5
 Excruciating Wounds      Necr           #.........   100%        5
 Lee's Rapid Deconstruct  Erth           #.........   100%        5
 Freezing Cloud           Conj/Ice/Air   #.........   100%        6
 Invisibility             Hex            #.......     100%        6


Dungeon Overview and Level Annotations

Branches:
Dungeon (12/15)            Temple (1/1) D:5            Lair (2/6) D:9
    Orc (0/2) D:10
  Swamp: Lair:2-4    Shoals: Lair:2-4     Snake: Lair:2-4    Spider: Lair:2-4

Altars:
Ashenzari
Fedhas
Gozag
Makhleb
Okawaru
Qazlal
Sif Muna
Uskayaw
Vehumet
Xom
The Shining One


Innate Abilities, Weirdness & Mutations

((You reflexively headbutt those who attack you in melee.))
((You have a pair of horns on your head.))
((You have large cloven feet.))
You have supernaturally acute eyesight. (SInv)
You possess an exceptional clarity of mind.
You are somewhat resistant to further mutation.
Your natural rate of healing is unusually fast.
You are robust. (+10% HP)
((You are occasionally teleported next to monsters.))


Message History

You slash the fire dragon!
The fire dragon is heavily wounded.
The fire dragon bites you.
The fire dragon claws you but does no damage.
The fire dragon tramples you.
You take 3 damage, and have 116/181 hp.
You hit the fire dragon but do no damage.
Lightning courses through the fire dragon!!
The fire dragon is severely wounded.
The orc knight hits you but does no damage.
You slash the fire dragon!
The fire dragon is almost dead.
The fire dragon blinks!
You slash the orc knight!
The orc knight evaporates and reforms as a tarantella!
You miss the tarantella.
The tarantella bites you but does no damage.
You hit the tarantella. You freeze the tarantella.
The tarantella is moderately wounded. "Time to have some fun!"
The tarantella bites you but does no damage.
The fire dragon breathes flames at you. The blast of flame hits you!!
You take 33 damage, and have 85/181 hp.
You barely miss the tarantella.
The tarantella is moderately wounded.
The tarantella bites you but does no damage.
You barely miss the tarantella.
The tarantella is moderately wounded.
Your transformation is almost over.
The tarantella bites you but does no damage.
The shadow imp barely misses you.
You riposte.
You slash the shadow imp!
The shadow imp is severely wounded.
You slash the tarantella! You burn the tarantella.
The tarantella is severely wounded.
The tarantella bites you but does no damage.
You miss the tarantella.
The tarantella is severely wounded.
The crimson imp hits you but does no damage.
The shadow imp hits you but does no damage.
The tarantella bites you.
You miss the tarantella.
The tarantella is severely wounded.
The tarantella bites you but does no damage.
The shadow imp hits you but does no damage.
The crimson imp hits you but does no damage.
You slash the tarantella!
You kill the tarantella!
The orc knight returns to its original shape as it dies.
You hit the fire dragon.
You feel better.
The fire dragon is almost dead.
The shadow imp hits you but does no damage.
The crimson imp hits you but does no damage.
You barely miss the fire dragon.
The fire dragon is almost dead.
The fire dragon breathes flames at you. The blast of flame hits you!!
The blast of flame hits the shadow imp!
The shadow imp dies!
You take 26 damage, and have 62/181 hp.
You hit the fire dragon but do no damage.
The fire dragon is almost dead.
The crimson imp hits you but does no damage.
You hit the fire dragon but do no damage.
The fire dragon is almost dead.
The fire dragon breathes flames at you. The blast of flame hits you!!
* * * LOW HITPOINT WARNING * * *
The crimson imp blinks!
You take 17 damage, and have 45/181 hp.
You slash the fire dragon!
You kill the fire dragon!
Your Dodging skill increases to level 7!
The fire dragon breathes flames at you. The blast of flame hits you!!
* * * LOW HITPOINT WARNING * * *
You hear an angry hiss.
You take 19 damage, and have 26/181 hp.
You miss the fire dragon.
The fire dragon is almost dead.
You hit the fire dragon.
The fire dragon is almost dead.
The fire dragon bites you but does no damage.
The fire dragon claws you!
* * * LOW HITPOINT WARNING * * *
The fire dragon tramples you but does no damage.
You take 7 damage, and have 20/181 hp.
You closely miss the fire dragon.
The fire dragon is almost dead.
The fire dragon bites you but does no damage.
The fire dragon claws you but does no damage.
The fire dragon tramples you but does no damage.
You barely miss the fire dragon.
The fire dragon is almost dead.
Okay, then.
You closely miss the fire dragon.
The fire dragon is almost dead.
The fire dragon breathes flames at you. The blast of flame hits you!!
You die...
Xom cackles wildly!

.............#......#
...>.....oW
.............'......#
....D##.##.
...........§.#......#
....##...##
..........§§.#......#
....#.### #
.............#......#
$.. #. #
######...#####......# ..
# #
.....#.......#......# #
.....#.......######## #.
.....#..........♣†5.#..
.}.
...#'#.#'#####...D......
....
...#...#.....#..........
...
...#...#.....########...
...#...#.....# ..
)..#...#.....# .
...#...#.....#
##############


You could see a fire dragon (agile, catching breath) and a crimson imp
(summoned).

Vanquished Creatures
  A fire dragon (D:12)
  A hydra (D:11)
  Harold (D:9)
  2 two-headed ogres (D:11)
  A tengu warrior (D:11)
  A skeletal warrior (D:11)
  3 unseen horrors
  A manticore (D:11)
  3 ugly things (D:11)
  Maurice (D:10)
  A gargoyle (D:10)
  3 cane toads (Lair:1)
  A redback zombie (D:12)
  A kobold demonologist (D:11)
  A komodo dragon (Lair:1)
  3 trolls (D:11)
  A hornet (D:11)
  7 hippogriffs
  A shapeshifter (D:3)
  A wraith (D:11)
  A tarantella (D:12)
  5 yaks
  A vampire mosquito (D:11)
  3 porcupines
  3 water moccasins
  A black bear (D:12)
  6 orc warriors
  2 sky beasts
  An eye of draining (shapeshifter) (Lair:1)
  2 ice beasts
  A black bear (shapeshifter) (D:8)
  A necrophage (D:10)
  An eye of draining (D:10)
  6 wolves (Lair:1)
  4 ogres
  4 centaurs
  3 crocodiles (D:9)
  A big kobold (D:10)
  18 bullfrogs
  A wyvern skeleton (D:11)
  5 scorpions
  8 killer bees
  4 wights (D:7)
  5 howler monkeys
  4 bullfrog zombies
  5 centaur zombies
  6 hounds
  2 jellies
  A gnoll shaman (D:8)
  8 orc wizards
  5 orc priests
  A centaur skeleton (D:11)
  3 bullfrog skeletons
  5 iguanas
  5 hell rats (Lair:1)
  12 worker ants
  A hound zombie (D:7)
  2 hound skeletons
  2 worker ant zombies
  14 gnolls
  10 adders
  2 howler monkey skeletons
  A shadow imp (D:9)
  2 white imps
  An ufetubus (D:6)
  An ooze (D:3)
  2 adder zombies (D:8)
  An adder skeleton (D:4)
  5 worms
  A dart slug (D:2)
  4 leopard geckos
  31 orcs
  2 ball pythons (D:1)
  11 bats
  4 giant cockroaches
  11 goblins
  10 hobgoblins
  9 jackals
  7 quokkas
  5 frilled lizards
  16 kobolds
  A leopard gecko zombie (D:8)
  2 quokka skeletons
  10 rats
347 creatures vanquished.

Vanquished Creatures (collateral kills)
  An ice beast (D:11)
  An ogre (D:11)
  A centaur (D:11)
  A bullfrog zombie (D:11)
  A worker ant (D:4)
  An adder (D:4)
  An orc (D:10)
  A giant cockroach (D:4)
8 creatures vanquished.

Vanquished Creatures (others)
  A two-headed ogre (D:9)
  An orc (D:12)
  6 plants
8 creatures vanquished.

Grand Total: 363 creatures vanquished

Notes
Turn   | Place    | Note
-------+----------+-------------------------------------------
     0 | D:1      | Irenicus the Minotaur Chaos Knight began the quest for the
                  | Orb.
     0 | D:1      | Reached XP level 1. HP: 19/19 MP: 0/0
    50 | D:1      | Reached skill level 4 in Long Blades
    86 | D:1      | Reached XP level 2. HP: 26/26 MP: 1/1
   228 | D:1      | XOM: divination: magic mapping
   256 | D:1      | XOM: noise
   258 | D:1      | Reached skill level 5 in Long Blades
   318 | D:1      | XOM: silly message
   320 | D:1      | Reached XP level 3. HP: 30/31 MP: 2/2
   633 | D:2      | Found an opulent altar of Gozag.
   677 | D:2      | Found a faded altar of an unknown god.
   708 | D:2      | Reached skill level 6 in Long Blades
   708 | D:2      | Reached XP level 4. HP: 28/39 MP: 3/3
   860 | D:2      | XOM: silly message
   918 | D:2      | XOM: 4-stop teleportation journey
  1055 | D:2      | XOM: give mutations
  1055 | D:2      | Gained mutation: You are clumsy. (Dex -2) [Xom's mischief]
  1055 | D:2      | Gained mutation: You are robust. (+10% HP) [Xom's mischief]
  1079 | D:2      | Found a blossoming altar of Fedhas.
  1471 | D:3      | Noticed a shapeshifter
  1471 | D:3      | a worm changed into a shapeshifter
  1471 | D:3      | Killed a shapeshifter
  1471 | D:3      | Reached skill level 8 in Long Blades
  1471 | D:3      | Reached XP level 5. HP: 39/49 MP: 4/4
  1471 | D:3      | Reached XP level 6. HP: 45/56 MP: 5/5
  1637 | D:3      | Found a glowing golden altar of the Shining One.
  1696 | D:3      | XOM: silly message
  1777 | D:3      | Found a stormy altar of Qazlal.
  1902 | D:3      | XOM: enchant monster (good)
  2190 | D:4      | XOM: scenery: create altars
  2190 | D:4      | HP: 13/56 [scorpion (9)]
  2191 | D:4      | Reached skill level 9 in Long Blades
  2198 | D:4      | HP: 12/56 [poisoned by a scorpion]
  2206 | D:4      | HP: 11/56 [poisoned by a scorpion]
  2329 | D:4      | XOM: give mutations
  2329 | D:4      | Gained mutation: You possess an exceptional clarity of
                  | mind. [Xom's grace]
  2329 | D:4      | Gained mutation: Your natural rate of healing is unusually
                  | fast. [Xom's grace]
  2329 | D:4      | Gained mutation: You have supernaturally acute eyesight.
                  | (SInv) [Xom's grace]
  2329 | D:4      | Gained mutation: You are somewhat resistant to further
                  | mutation. [Xom's grace]
  2391 | D:4      | XOM: stat loss: -1 Dex (8/9)
  2471 | D:4      | XOM: noise
  2540 | D:4      | Found a radiant altar of Vehumet.
  2546 | D:4      | XOM: butterfly on damage
  2550 | D:4      | Got a brightly glowing ring mail
  2560 | D:4      | Identified the +0 ring mail "Kutaenn" {rN+} (You found it
                  | on level 4 of the Dungeon)
  2640 | D:4      | XOM: cast spell 'Summon Mana Viper'
  2642 | D:4      | XOM: polymorph mana viper -> fire dragon
  2644 | D:4      | Reached XP level 7. HP: 55/62 MP: 6/6
  2786 | D:5      | Entered Level 5 of the Dungeon
  2786 | D:5      | Found a staircase to the Ecumenical Temple.
  2797 | D:5      | Reached skill level 10 in Long Blades
  3008 | D:5      | XOM: give mutations
  3008 | D:5      | Lost mutation: You are clumsy. (Dex -2) [Xom's mischief]
  3131 | D:5      | XOM: fog
  3148 | D:5      | HP: 13/62 [ice beast (9)]
  3155 | D:5      | HP: 15/62 [ice beast (2)]
  3155 | D:5      | HP: 5/62 [ice beast (10)]
  3266 | D:5      | Found a blossoming altar of Fedhas.
  3267 | D:5      | Found a shimmering blue altar of Sif Muna.
  3268 | D:5      | Found a burning altar of Makhleb.
  3505 | Temple   | Entered the Ecumenical Temple
  3573 | D:6      | Reached skill level 11 in Long Blades
  3648 | D:6      | Got a crude jade ring
  3650 | D:6      | Identified the ring of the Genius {Int+6 Stlth-} (You found
                  | it on level 6 of the Dungeon)
  3715 | D:6      | Reached XP level 8. HP: 70/70 MP: 7/7
  3720 | D:6      | Found a shimmering altar of Xom.
  3774 | D:6      | XOM: polymorph butterfly -> quokka
  3795 | D:6      | Reached skill level 12 in Long Blades
  3837 | D:6      | Found an iron altar of Okawaru.
  4253 | D:7      | HP: 11/70 [orc warrior/+0 glaive (18)]
  4256 | D:7      | HP: 1/70 [orc warrior/+0 glaive (8)]
  4270 | D:7      | HP: 16/70 [orc warrior/+0 glaive (6)]
  4274 | D:7      | HP: 2/70 [orc warrior/+0 glaive (16)]
  4306 | D:7      | Reached skill level 13 in Long Blades
  4582 | D:7      | XOM: blink monster(s)
  4599 | D:7      | Reached XP level 9. HP: 51/77 MP: 8/8
  4681 | D:7      | Reached skill level 14 in Long Blades
  4874 | D:7      | Found a hide-covered altar of Uskayaw.
  5133 | D:8      | Found a broken altar of Ashenzari.
  5279 | D:8      | XOM: enchant monster (bad)
  5281 | D:8      | XOM: polymorph ice beast -> shapeshifter
  5282 | D:8      | Noticed a jumping spider
  5282 | D:8      | a shapeshifter changed into a jumping spider
  5283 | D:8      | XOM: potion effect (experience)
  5283 | D:8      | Reached skill level 18 in Long Blades
  5283 | D:8      | Reached XP level 10. HP: 82/84 MP: 9/9
  5286 | D:8      | XOM: chaos cloud
  5664 | D:9      | Noticed Harold
  5778 | D:9      | Noticed a two-headed ogre
  5779 | D:9      | XOM: summons friendly iron imp
  5819 | D:9      | XOM: swap monsters
  5830 | D:9      | Found a staircase to the Lair.
  5833 | D:9      | Killed a two-headed ogre
  5833 | D:9      | XOM: divine lightning
  5850 | D:9      | XOM: potion effect (curing)
  5858 | D:9      | HP: 15/85 [crocodile (13)]
  5859 | D:9      | Reached skill level 4 in Fighting
  5859 | D:9      | Reached skill level 3 in Armour
  5861 | D:9      | HP: 4/85 [crocodile (13)]
  5872 | D:9      | XOM: divination: detect items
  5880 | D:9      | XOM: cast spell 'Summon Small Mammal'
  5884 | D:9      | XOM: cast spell 'Summon Ice Beast'
  5898 | D:9      | Killed Harold
  5898 | D:9      | Reached skill level 4 in Armour
  5908 | D:9      | XOM: cast spell 'Alistair's Intoxication'
  5914 | D:9      | Reached skill level 5 in Armour
  5926 | D:9      | Reached skill level 5 in Fighting
  6134 | D:9      | XOM: potion effect (invisibility)
  6139 | D:9      | XOM: enchant monster (bad)
  6144 | D:9      | XOM: potion effect (invisibility)
  6163 | D:9      | Reached XP level 11. HP: 96/96 MP: 10/10
  6225 | D:9      | XOM: divination: magic mapping
  6317 | D:9      | XOM: silly message
  6637 | D:9      | XOM: enchant monster (good)
  6643 | D:9      | Reached skill level 6 in Armour
  6725 | Lair:1   | Entered Level 1 of the Lair of Beasts
  6887 | Lair:1   | Reached skill level 6 in Fighting
  6887 | Lair:1   | Reached skill level 7 in Armour
  6908 | Lair:1   | XOM: noise
  6940 | Lair:1   | XOM: cast spell 'Summon Ice Beast'
  6945 | Lair:1   | XOM: noise
  6950 | Lair:1   | XOM: potion effect (haste)
  6960 | Lair:1   | Reached skill level 8 in Armour
  7503 | Lair:2   | XOM: silly message
  7514 | Lair:2   | HP: 23/100 [porcupine's spines (5)]
  7572 | D:10     | Entered Level 10 of the Dungeon
  7580 | D:9      | XOM: give mutations
  7580 | D:9      | Gained mutation: You have large cloven feet. [Xom's
                  | mischief]
  7580 | D:9      | Gained mutation: You are occasionally teleported next to
                  | monsters. [Xom's mischief]
  7591 | D:9      | Reached skill level 7 in Fighting
  7599 | D:9      | HP: 23/101 [killer bee (4)]
  7604 | D:9      | HP: 20/101 [poisoned by a killer bee]
  7609 | D:9      | HP: 18/101 [poisoned by a killer bee]
  7614 | D:9      | HP: 18/101 [poisoned by a killer bee]
  7619 | D:9      | HP: 18/101 [poisoned by a killer bee]
  7624 | D:9      | HP: 19/101 [poisoned by a killer bee]
  7631 | D:9      | HP: 22/101 [poisoned by a killer bee]
  7639 | D:9      | HP: 25/101 [poisoned by a killer bee]
  7945 | D:10     | XOM: blink monster(s)
  7955 | D:10     | Reached skill level 9 in Armour
  7960 | D:10     | XOM: god gift: 25 gold pieces
  8002 | D:10     | XOM: noise
  8029 | D:10     | Found a staircase to the Orcish Mines.
  8029 | D:10     | XOM: 6-stop teleportation journey
  8111 | D:10     | XOM: noise
  8140 | D:10     | Noticed Maurice
  8141 | D:10     | XOM: cast spell 'Statue Form'
  8143 | D:10     | XOM: noise
  8151 | D:10     | XOM: confuse monster(s)
  8159 | D:10     | Killed Maurice
  8310 | D:10     | Noticed an unseen horror
  8310 | D:10     | XOM: cast spell 'Summon Horrible Things'
  8318 | D:10     | Killed an unseen horror
  8347 | D:10     | XOM: enchant monster (good)
  8364 | D:10     | XOM: polymorph orc -> adder
  8522 | D:11     | Reached skill level 10 in Armour
  8528 | D:11     | Reached skill level 8 in Fighting
  8536 | D:11     | Noticed a green ugly thing
  8558 | D:11     | Killed a green ugly thing
  8564 | D:11     | XOM: summons 11 friendly demons
  8617 | D:11     | Noticed a two-headed ogre
  8624 | D:11     | XOM: summons 11 friendly demons
  8646 | D:11     | Killed a two-headed ogre
  8752 | D:11     | Noticed an unseen horror
  8753 | D:11     | Noticed a red ugly thing
  8756 | D:11     | XOM: divination: detect creatures
  8760 | D:11     | Banished a red ugly thing
  8761 | D:11     | Killed an unseen horror
  8761 | D:11     | Reached skill level 11 in Armour
  8761 | D:11     | Reached XP level 12. HP: 94/113 MP: 11/11
  8817 | D:11     | Noticed a two-headed ogre
  8826 | D:11     | XOM: summons friendly shadow imp
  8827 | D:11     | Reached skill level 2 in Dodging
  8836 | D:11     | Killed a two-headed ogre
  8836 | D:11     | Reached skill level 9 in Fighting
  8850 | D:11     | XOM: polymorph shadow imp -> crimson imp
  8861 | D:11     | XOM: scenery: summon butterflies
  8892 | D:11     | Noticed a tengu warrior
  8899 | D:11     | XOM: smoke on damage
  8907 | D:11     | HP: 28/114 [troll (10)]
  8911 | D:11     | Reached skill level 3 in Dodging
  9004 | D:11     | XOM: noise
  9043 | D:11     | Reached skill level 4 in Dodging
  9059 | D:11     | XOM: swap monsters
  9060 | D:11     | Reached skill level 10 in Fighting
  9073 | D:11     | Reached skill level 5 in Dodging
  9079 | D:11     | HP: 26/116 [orc warrior/+0 mace (12)]
  9084 | D:11     | HP: 25/117 [poisoned by a green ugly thing]
  9090 | D:11     | HP: 25/117 [poisoned by a green ugly thing]
  9097 | D:11     | HP: 26/117 [poisoned by a green ugly thing]
  9104 | D:11     | HP: 29/117 [poisoned by a green ugly thing]
  9359 | D:11     | Got a scorched rapier
  9360 | D:11     | Identified the cursed +0 rapier of the Evil Eye {holy,
                  | Fragile rPois rF+ MP+9} (You found it on level 11 of the
                  | Dungeon)
  9364 | D:11     | XOM: cloud trail
  9373 | D:11     | Got a pair of masterwork boots
  9379 | D:11     | Identified the +5 pair of boots of the Butterfly {+Fly
                  | Int+3 Dex-2} (You found it on level 11 of the Dungeon)
  9515 | D:11     | Killed a tengu warrior
  9663 | D:11     | XOM: silly message
  9666 | D:11     | XOM: enchant monster (good)
  9669 | D:11     | Reached skill level 6 in Dodging
  9671 | D:11     | Noticed a seven-headed hydra
  9682 | D:11     | Killed an 11-headed hydra
  9715 | D:11     | Reached skill level 11 in Fighting
 10326 | D:12     | Noticed a fire dragon
 10473 | D:12     | XOM: summons 2 hostile demons
 10483 | D:12     | HP: 45/181 [fire dragon/blast of flame (18)]
 10484 | D:12     | Killed a fire dragon
 10484 | D:12     | Reached skill level 7 in Dodging
 10486 | D:12     | HP: 20/181 [fire dragon (7)]
 10489 | D:12     | Killed from afar by a fire dragon

Illustrated notes

Levels and vault maps discovered:
D:1:      lightli_arrival_noodles, layout_loops_ring, minmay_hexomino_f4
D:2:      layout_basic, overflow_temple_1_default,
          chequers_ecumenical_altar_simple_redux, nrook_loot_triangle,
          kennysheep_donut, hangedman_decor_points, fedhas_altar_3
D:3:      layout_basic, tso_metal_star, old_standard_altar
D:4:      layout_rooms, vehumet_altar_wand_db
D:5:      layout_loops_ring, chequers_temple_overflow_statue_of_worship,
          minmay_temple_entry_glass
D:6:      layout_cave_pools, kennysheep_okawaru_gauntlet, xom_butterflies
D:7:      layout_basic, lemuel_round_altar
D:8:      layout_basic, ashenzari_conservatory_becter
D:9:      layout_loops_ring, david_lair_generic, minmay_misc_feat_more_columns,
          billiards_dpeg, uniq_harold
D:10:     layout_small_grid, david_orc_2, uniq_maurice
D:11:     minmay_the_grid_plus [minmay_the_grid_diamond_grid,
          minmay_the_grid_doors, minmay_the_grid_medium_cups,
          minmay_the_grid_small_cups, minmay_the_grid_prize_trominoes],
          layout_gridville
D:12:     layout_grid_maze, basic_altar, minmay_checkerbox
Temple:   pf_slime_end_temple
Lair:1:   layout_gridlike, serial_bayou_pond_d
Lair:2:   layout_regular_city, kennysheep_abandoned_house, uniq_gastronok

Skill      XL: |  1  2  3  4  5  6  7  8  9 10 11 12 |
---------------+-------------------------------------+-----
Long Blades    | 4 5 6 8 9 11 13 18 | 18.7
Fighting       | 5 8 11 | 11.4
Armour         | 5 11 | 11.1
Dodging        | 7 |  7.0

Action                   |  1- 3 |  4- 6 |  7- 9 | 10-12 || total
-------------------------+-------+-------+-------+-------++-------
Melee: Falchion          |    80 |   156 |   291 |   722 ||  1249
       Headbutt          |     7 |    20 |    58 |   174 ||   259
       Kick              |       |       |       |   107 ||   107
Evoke: Wand              |       |       |     4 |     5 ||     9
  Use: Potion            |       |       |    10 |    10 ||    20
       Scroll            |       |       |       |    12 ||    12
 Stab: Confused          |       |     1 |     1 |     6 ||     8
       Paralysed         |       |       |     2 |    12 ||    14
       Invisible         |       |       |       |    11 ||    11
       Petrified         |       |       |       |     3 ||     3
       Petrifying        |       |       |       |     2 ||     2
       Distracted        |       |       |       |     1 ||     1
Armor: Leather armour    |    28 |    40 |       |       ||    68
       Ring mail         |       |     3 |    67 |   205 ||   275
       Plate armour      |       |       |       |    79 ||    79
       Skin              |       |       |       |    39 ||    39
Dodge: Dodged            |    56 |    78 |   135 |   309 ||   578
       Rpst.: Falchion   |    20 |    24 |    33 |    77 ||   154

Table legend: (Time is in decaauts)
 A = Elapsed time spent in this place.
 B = Non-inter-level travel time spent in this place.
 C = Inter-level travel time spent in this place.
 D = Time resting spent in this place.
 E = Time spent auto-exploring this place.
 F = Levels seen in this place.
 G = Mean time per level.
                   A        B        C        D        E       F      G
               +--------+--------+--------+--------+--------+-----+--------+
         Total |  10110 |   9507 |    603 |    783 |   6439 |  15 |  674.0 |
       Dungeon |   9337 |   8787 |    550 |    783 |   5851 |  12 |  778.1 |
        Temple |      1 |      1 |      0 |      0 |      0 |   1 |    1.0 |
          Lair |    771 |    718 |     53 |      0 |    588 |   2 |  385.5 |
               +--------+--------+--------+--------+--------+-----+--------+

Top non-repeatable levels by time:
    D:11: 1324 daAuts
     D:9: 1090 daAuts
     D:7: 1009 daAuts
     D:2: 833 daAuts
  Lair:1: 758 daAuts
     D:5: 735 daAuts
     D:3: 719 daAuts
    D:10: 646 daAuts
     D:1: 622 daAuts
     D:8: 611 daAuts
     D:4: 598 daAuts
    D:12: 591 daAuts
     D:6: 554 daAuts
  Lair:2: 13 daAuts
  Temple: 1 daAuts

Table legend:
 A = Kills in this place as a percentage of kills in entire the game.
 B = Kills by you in this place as a percentage of kills by you in the entire game.
 C = Kills by friends in this place as a percentage of kills by friends in the entire game.
 D = Other kills in this place as a percentage of other kills in the entire game.
 E = Experience gained in this place as a percentage of experience gained in the entire game.
 F = Experience gained in this place divided by the number of levels of this place that you have seen.
                   A       B       C       D       E      F
               +-------+-------+-------+-------+-------+----------------------
         Total | 100.0 | 100.0 | 100.0 | 100.0 | 100.0 | 2024.6
       Dungeon |  93.6 |  93.4 | 100.0 | 100.0 |  87.6 | 2217.5
          Lair |   6.4 |   6.6 |   0.0 |   0.0 |  12.4 | 1879.5
               +-------+-------+-------+-------+-------+----------------------
